 Dungeon Crawl Stone Soup version 0.26-b1-32-g5d43845318 (webtiles) character file.

Game seed: 11213879990802906619

170 Borgoz the Cudgeller (level 5, 0/32 HPs)
             Began as a Gargoyle Gladiator on Jan 11, 2021.
             Slain by an orc priest
             ... wielding a +0 hand axe
              (6 damage)
             ... on level 4 of the Dungeon.
             The game lasted 00:03:08 (3904 turns).

Borgoz the Cudgeller (Gargoyle Gladiator)           Turns: 3904, Time: 00:03:08

Health: 0/32       AC:  4    Str: 18    XL:     5   Next: 50%
Magic:  5/5        EV: 13    Int:  8    God:
Gold:   222        SH:  0    Dex: 12    Spells: 4/4 levels left

rFire    . . .     SeeInvis .   a - +0 flail
rCold    . . .     Faith    .   (no shield)
rNeg     + + .     Spirit   .   b - +0 leather armour
rPois    ∞         Reflect  .   c - +0 helmet
rElec    +         Harm     .   (no cloak)
rCorr    .         Rampage  .   (no gloves)
Will     .....                  (no boots)
Stlth    +.........             (no amulet)
HPRegen  0.10/turn              h - -4 ring of protection (curse)
MPRegen  0.09/turn              l - ring of positive energy

@: no status effects
A: negative energy resistance 1, electricity resistance, unbreathing,
petrification resistance, miasma immunity, AC +4
a: no special abilities


You were on level 4 of the Dungeon.
You visited 1 branch of the dungeon, and saw 4 of its levels.

You collected 222 gold pieces.

Inventory:

Hand Weapons
 a - a +0 flail (weapon)
Missiles
 d - 3 throwing nets (quivered)
Armour
 b - a +0 leather armour (worn)
 c - a +0 helmet (worn)
Jewellery
 h - a cursed -4 ring of protection (left hand)
 l - a ring of positive energy (right hand)
Scrolls
 f - a scroll of teleportation
 i - a scroll of fear
 j - a scroll of enchant weapon {unknown}
 n - a scroll of magic mapping {unknown}
Potions
 g - 3 potions of curing
 k - a potion of invisibility
 m - a potion of mutation


   Skills:
 + Level 3.1 Fighting
 * Level 4.2 Maces & Flails
 - Level 1.7 Throwing
 + Level 2.0 Armour
 * Level 3.4 Dodging


You had 4 spell levels left.
You didn't know any spells.
Your spell library was empty.

Dungeon Overview and Level Annotations

Branches:
Dungeon (4/15)
 Temple: D:4-7

Altars:
The Shining One


Innate Abilities, Weirdness & Mutations

You are resistant to torment.
Your stone body is resilient. (AC +4)
You are immune to poison.
You resist negative energy. (rN+)
You are resistant to electric shocks. (rElec)
You can survive without breathing.
You are immune to petrification.
You are immune to miasma.


Message History

You feel better. The orc barely misses you.
The orc hits you with a +0 hand axe.
You barely miss the orc. The orc barely misses you.
The orc priest casts a cantrip, but nothing happens.
The orc hits you but does no damage.
You closely miss the orc.
A jackal comes into view.
The orc misses you. The orc hits you with a +0 hand axe.
The jackal moves out of view.
You thump the orc!
You kill the orc!
The orc hits you but does no damage. x2
You hit the orc priest.
The orc priest is lightly wounded.
The orc priest invokes the aid of Beogh against you.
Beogh smites you!
* * * LOW HITPOINT WARNING * * *
The orc closely misses you.
The orc priest hits you with a +0 hand axe.
You die...

###
#o#
#@#
#o#
#..
####


You could see an orc priest and an orc.

Vanquished Creatures
  An orc priest (D:4)
  6 adders
  2 worms
  2 dart slugs (D:1)
  A leopard gecko (D:1)
  6 orcs
  3 ball pythons
  4 bats
  4 giant cockroaches
  11 hobgoblins
  6 kobolds
  2 quokkas (D:2)
  6 frilled lizards
  6 goblins
  11 rats
71 creatures vanquished.

Notes
Turn   | Place    | Note
-------+----------+-------------------------------------------
     0 | D:1      | Borgoz the Gargoyle Gladiator began the quest for the Orb.
     0 | D:1      | Reached XP level 1. HP: 12/12 MP: 1/1
   278 | D:1      | Reached XP level 2. HP: 11/17 MP: 2/2
   464 | D:1      | Reached skill level 1 in Armour
   748 | D:1      | Reached XP level 3. HP: 11/22 MP: 3/3
  2059 | D:2      | Reached XP level 4. HP: 8/27 MP: 4/4
  3326 | D:3      | Reached skill level 4 in Maces & Flails
  3326 | D:3      | Reached XP level 5. HP: 16/32 MP: 5/5
  3613 | D:3      | Found a glowing golden altar of the Shining One.
  3904 | D:4      | Slain by an orc priest

Illustrated notes

Levels and vault maps discovered:
D:1:      psy_arrival_statuary, layout_basic, hex_medium,
          amcnicky_mini_corridor_feature
D:2:      minmay_chambers_of_ones, layout_basic
D:3:      layout_loops_ring, gammafunk_temple_overflow_wave, tso_metal_star
D:4:      minmay_evil_eye, layout_basic, minmay_temple_entry_arrows

Skill      XL: |  1  2  3  4  5 |
---------------+----------------+-----
Armour         | 1 2 |  2.0
Dodging        | 3 |  3.4
Maces & Flails | 4 |  4.2
Fighting       | 3 |  3.1
Throwing       | |  1.7

Action                   |  1- 3 |  4- 6 || total
-------------------------+-------+-------++-------
Melee: Flail             |   136 |   106 ||   242
  Use: Scroll            |     3 |     5 ||     8
       Potion            |       |     2 ||     2
Armor: Leather armour    |    47 |    21 ||    68
Dodge: Dodged            |   109 |    75 ||   184
